Map: Crête de Lerilak

Players

Anrakyr

  • Race: Terran Terran
  • League: Bronze

Skyno - Winner!

  • Race: Zerg Zerg
  • League: Bronze

VOD

Have the link to the VOD?

Description

Time

  • Played on: Oct. 2, 2015, 12:16 p.m.
  • Length: 16:06
Show
View Real Time Build Order
Export as new Build Order

Anrakyr Terran 

Build Orders: MMM Bio 

Get SALT Encoding   

  12  0:01  SCV  
  13  0:13  SCV  
  14  0:18  Supply Depot  
  14  0:25  SCV  
  15  0:39  SCV  
  15  0:41  Barracks  
  16  0:47  Refinery  
  16  0:51  SCV  
  17  1:04  SCV  
  18  1:16  SCV  
  19  1:28  Orbital Command  
  19  1:30  Barracks Reactor  
  19  1:41  Supply Depot  
  19  1:46  Barracks  
  19  1:50  Command Center  
  19  1:58  SCV  
  20  2:06  Reaper  
  20  2:07  Reaper  
  22  2:10  SCV  
  22  2:11  Refinery  
  23  2:22  SCV  
  24  2:34  SCV  
  25  2:38  Reaper  
  26  2:46  SCV  
  26  2:55  Factory  
  26  3:00  SCV  
  27  3:08  Command Center  
  27  3:13  SCV  
  27  3:18  Reaper x2  
  30  3:25  SCV  
  31  3:27  Orbital Command  
  31  3:37  SCV  
  32  3:42  Supply Depot  
  32  3:49  SCV  
  32  3:53  SCV  
  34  4:01  SCV  
  34  4:02  Barracks  
  35  4:05  SCV, Barracks Tech Lab  
  36  4:10  Barracks  
  36  4:11  Armory  
  36  4:14  SCV  
  36  4:16  Supply Depot  
  38  4:38  Hellion  
  38  4:39  Hellion  
  38  4:40  SCV  
  38  4:42  SCV  
  42  4:46  Orbital Command  
  42  4:50  Stimpack  
  42  4:51  Barracks Reactor  
  42  4:52  SCV  
  43  4:54  SCV  
  46  5:00  Barracks Reactor, Hellion x2  
  46  5:02  Supply Depot  
  46  5:04  SCV  
  46  5:06  Refinery  
  46  5:07  SCV  
  50  5:13  Supply Depot  
  50  5:16  SCV x2  
  50  5:19  SCV  
  50  5:21  Hellion x2  
  57  5:24  Engineering Bay  
  57  5:28  SCV  
  58  5:29  SCV  
  58  5:30  Engineering Bay  
  58  5:34  Marine x2  
  58  5:35  Marine  
  62  5:39  Supply Depot  
  62  5:41  SCV  
  62  5:42  SCV x2, Hellion  
  67  5:53  Terran Infantry Weapons Level 1  
  67  6:13  SCV, Hellion x2  
  67  6:14  SCV x2  
  67  6:15  Marine x5  
  79  6:26  SCV x3  
  82  6:32  Marine  
  82  6:33  Marine x4  
  82  6:38  SCV  
  74  6:50  Marine  
  74  6:51  Marine x4  
  74  6:57  Missile Turret  
  74  6:59  Missile Turret  
  70  7:02  Missile Turret x2  
  70  7:03  Missile Turret  
  70  7:04  Starport  
  70  7:08  Missile Turret, Marine  
  70  7:09  Marine x4  
  73  7:15  Missile Turret  
  69  7:26  Supply Depot, Marine x4  
  73  7:32  Missile Turret  
  73  7:40  Orbital Command  
  73  7:48  Marine  
  73  7:49  Marine x4  
  78  7:58  Barracks  
  78  8:00  Barracks x3  
  78  8:02  Missile Turret  
  78  8:05  Missile Turret x2  
  78  8:06  Marine x2, Missile Turret, Starport Reactor  
  78  8:07  Missile Turret x2  
  78  8:08  Missile Turret  
  78  8:09  Terran Infantry Weapons Level 2, Missile Turret  
  78  8:10  Terran Infantry Armor Level 1  
  78  8:12  Marine  
  83  8:13  Marauder  
  83  8:26  Marine x3  
  86  8:29  Missile Turret  
  86  8:30  Refinery x2  
  86  8:32  Missile Turret  
  86  8:34  SCV x2, Marauder  
  90  8:37  SCV  
  91  8:42  Widow Mine x2  
  91  8:46  SCV x2  
  97  8:51  Barracks Reactor  
  97  8:52  Barracks Tech Lab  
  97  8:53  Barracks Tech Lab  
  99  8:56  Marauder  
  99  8:57  Barracks Reactor  
  99  9:00  Factory  
  99  9:11  Widow Mine x2  
  99  9:13  Supply Depot, Refinery  
  99  9:14  Supply Depot  
  99  9:16  Supply Depot  
  105  9:17  Marauder  
  105  9:27  Medivac x2  
  105  9:28  Barracks Tech Lab  
  109  9:34  Missile Turret  
  110  9:38  SCV x3  
  110  9:39  Widow Mine x2  
  110  9:42  Missile Turret  
  116  9:48  Combat Shields  
  116  9:50  SCV x3  
  119  9:57  Missile Turret, Medivac x2  
  123  10:07  Factory Tech Lab  
  123  10:08  Widow Mine x2  
  123  10:10  Marine  
  128  10:17  Marine  
  128  10:18  Marauder, Marine x2  
  128  10:21  Missile Turret  
  133  10:26  Terran Infantry Weapons Level 3  
  133  10:42  Supply Depot x2  
  133  10:43  Supply Depot x2, Missile Turret  
  133  10:45  Marine x11  
  133  10:46  Medivac x2  
  133  10:48  Supply Depot  
  133  10:49  Supply Depot  
  148  10:51  Supply Depot  
  148  11:02  Marine  
  148  11:03  Marine x7  
  152  11:17  Drilling Claws  
  152  11:20  Marauder, Marine  
  152  11:21  Marauder  
  152  11:22  Marauder  
  157  11:42  Marauder  
  157  11:43  Marauder x2  
  128  12:03  Marauder  
  128  12:04  Marauder  
  110  12:21  Marine x9  
  93  12:24  Marine  
  93  12:25  Marine  
  95  12:38  Marine  
  95  12:39  Marine x8  
  95  12:42  Marine  
  95  12:43  Marine  
  106  12:45  Terran Infantry Armor Level 2  
  106  12:56  Marine x2  
  106  12:57  Supply Depot, Medivac x2, Marine x7  
  119  12:59  Supply Depot  
  119  13:00  Marine  
  119  13:01  Marine  
  121  13:14  Marine x2  
  121  13:26  Marine x3  
  121  13:27  Medivac x2, Marine x6  
  88  13:32  Marine x2  
  98  13:44  Marine x9  
  107  13:50  Marine x2  
  109  14:01  Command Center  
  109  14:02  Marine  
  110  14:17  Marine  
  110  14:18  Marine x5  
  96  14:46  Marine x11  
  84  15:23  Marine  
  54  15:41  Marine  
  54  15:42  Marine x4  
Show
View Real Time Build Order
Export as new Build Order

Skyno Zerg - Winner!

Build Orders: Hatch First, Muta Ling Bane 

Get SALT Encoding   

  12  0:01  Drone  
  13  0:13  Overlord  
  13  0:18  Drone  
  14  0:33  Drone  
  15  0:47  Hatchery  
  14  0:51  Drone  
  15  1:05  Spawning Pool  
  15  1:07  Drone  
  15  1:11  Drone  
  16  1:18  Drone, Extractor  
  16  1:26  Drone  
  17  1:33  Drone  
  18  1:43  Overlord  
  18  1:53  Queen  
  20  1:59  Queen  
  20  2:01  Drone x2  
  24  2:05  Drone  
  25  2:20  Drone x2  
  27  2:26  Drone  
  27  2:27  Drone  
  29  2:33  Zergling x2  
  29  2:34  Queen  
  32  2:57  Overlord  
  32  2:59  Drone x3  
  35  3:06  Metabolic Boost  
  35  3:15  Hatchery, Drone x2  
  35  3:16  Drone x3  
  35  3:17  Drone  
  40  3:21  Drone  
  40  3:22  Drone  
  41  3:31  Zergling x4  
  41  3:34  Overlord  
  43  3:52  Queen  
  43  3:54  Zergling x8  
  49  4:00  Lair  
  46  4:39  Zergling x2  
  46  4:40  Zergling x6  
  46  4:42  Drone  
  46  4:43  Drone x6  
  57  4:49  Extractor  
  57  4:50  Extractor  
  55  4:53  Overlord x3, Extractor  
  55  4:54  Drone x3  
  57  5:03  Spire  
  57  5:06  Overlord  
  56  5:10  Queen  
  58  5:21  Drone x5  
  61  5:22  Drone x3  
  61  5:26  Drone x2, Extractor  
  61  5:27  Drone x5  
  72  5:28  Extractor  
  72  5:34  Drone x2  
  73  5:54  Overlord x2  
  73  5:55  Zergling x8  
  73  5:56  Zergling x6  
  78  6:13  Zergling x4  
  78  6:14  Zergling x12  
  86  6:23  Mutalisk x3  
  86  6:24  Mutalisk x6  
  102  6:44  Zergling x2  
  102  6:45  Zergling x16  
  89  6:55  Drone x3  
  89  6:56  Drone x6  
  89  7:00  Zergling x4  
  89  7:01  Zergling x8  
  102  7:22  Zergling x2  
  86  7:23  Zergling x16  
  94  7:32  Baneling Nest  
  94  7:35  Drone x2  
  94  7:36  Drone  
  96  7:37  Queen  
  98  7:53  Mutalisk x4  
  106  8:14  Hatchery  
  106  8:16  Centrifical Hooks  
  106  8:18  Zergling x2  
  106  8:21  Overlord x5  
  106  8:23  Baneling x2  
  106  8:24  Baneling x7  
  106  8:54  Zergling x2  
  106  8:55  Zergling x32  
  118  8:56  Zergling x14  
  130  9:06  Evolution Chamber, Drone x2  
  130  9:07  Evolution Chamber  
  130  9:12  Mutalisk, Overlord x2  
  132  9:26  Mutalisk x6  
  144  9:32  Mutalisk x2  
  144  9:33  Mutalisk x2  
  144  9:34  Mutalisk x3  
  158  9:39  Queen  
  158  9:40  Overlord  
  158  9:41  Zerg Ground Armor Level 1, Zerg Melee Weapons Level 1  
  158  9:44  Baneling x9  
  158  9:45  Baneling x7  
  160  9:56  Overlord x3  
  160  10:10  Pneumatized Carapace  
  160  10:13  Overseer  
  160  10:14  Overseer x2  
  160  10:17  Overseer  
  160  10:36  Drone x2  
  160  10:37  Drone x4  
  164  11:11  Zergling x10  
  164  11:12  Zergling x58  
  164  11:13  Zergling x4  
  155  11:51  Zergling x2  
  155  11:52  Zergling x38  
  155  11:53  Zergling x4  
  169  11:58  Baneling x25  
  144  12:21  Zergling x14  
  144  12:22  Zergling x8  
  154  12:24  Baneling x3  
  154  12:25  Baneling x9  
  154  12:28  Overseer  
  154  12:30  Zerg Ground Armor Level 2, Zerg Melee Weapons Level 2  
  154  12:49  Baneling  
  154  12:50  Baneling x7  
  154  13:08  Hatchery  
  153  13:16  Hatchery  
  153  13:19  Hatchery  
  144  13:26  Zergling x2  
  122  13:27  Zergling x36  
  122  13:28  Zergling x18  
  147  13:44  Zergling x2  
  147  13:45  Zergling x30  
  147  13:48  Baneling x3  
  163  13:49  Baneling x11  
  163  13:50  Baneling  
  163  13:51  Baneling x6  
  163  14:05  Infestation Pit  
  163  14:09  Zergling x2  
  163  14:10  Zergling x24  
  163  14:13  Overlord x4  
  163  14:14  Overlord  
  162  14:31  Extractor  
  162  14:32  Extractor  
  156  14:46  Drone  
  156  14:47  Drone x19  
  165  15:27  Zergling x8  
  165  15:28  Zergling x38  
Tags
 
Add a new tag
Caveats
  • Supply blocks, unpowered buildings, or Contaminate may cause inaccurate times.
  • Supply counts are checked every 10 seconds.